 Dungeon Crawl Stone Soup version 0.29-a0-982-gaed3a0c8d8 (webtiles) character file.

Game seed: 12832911819421235502

66 nickcage the Slasher (level 4, 0/35 HPs)
             Began as a Formicid Abyssal Knight on Aug 1, 2022.
             Was a Priest of Lugonu.
             Slain by an orc
             ... wielding a +0 whip
              (4 damage)
             ... on level 3 of the Dungeon.
             The game lasted 00:05:20 (2082 turns).

nickcage the Slasher (Formicid Abyssal Knight)      Turns: 2082, Time: 00:05:20

Health: 0/35       AC: 12    Str: 19    XL:     4   Next: 37%
Magic:  5/5        EV:  5    Int: 10    God:    Lugonu [***...]
Gold:   55         SH:  0    Dex: 14    Spells: 3/3 levels left

rFire   . . .      SeeInvis +   a - +1 falchion
rCold   . . .      Faith    .   (no shield)
rNeg    . . .      Spirit   .   j - +0 plate armour
rPois   .          Reflect  .   (helmet unavailable)
rElec   .          Harm     .   i - +0 cloak
rCorr   .          Rampage  .   (no gloves)
Will    .....                   (no boots)
Stlth   ..........              (no amulet)
HPRegen 0.11/turn               (no ring)
MPRegen 0.09/turn               (no ring)

@: no status effects
A: permanent stasis, dig shafts and tunnels, antennae 3, four strong arms
a: Dig, Shaft Self, Renounce Religion, Depart the Abyss, Bend Space, Banish


You were on level 3 of the Dungeon.
You worshipped Lugonu.
Lugonu was most pleased with you.
You visited 1 branch of the dungeon, and saw 3 of its levels.
You visited the Abyss 1 time.

You collected 55 gold pieces.

Inventory:

Hand Weapons
 a - a +1 falchion (weapon)
Missiles
 h - 12 poisoned darts (quivered)
Armour
 b - a +0 leather armour
 c - a +0 ring mail
 i - a +0 cloak (worn)
 j - a +0 plate armour (worn)
Jewellery
 g - a +4 ring of evasion
Scrolls
 f - a scroll of identify
Potions
 d - 3 potions of heal wounds
 e - a potion of mutation
 k - 2 potions of cancellation {unknown}
 l - a potion of invisibility {unknown}


   Skills:
 - Level 3.2 Fighting
 + Level 4.3 Long Blades
 - Level 2.1 Armour
 - Level 0.8 Dodging
 - Level 2.1 Invocations


You had 3 spell levels left.
You didn't know any spells.
Your spell library contained the following spells:

 Spells                   Type           Power      Damage    Failure   Level
 Apportation              Tloc           0%         N/A       100%        1
 Necrotise                Necr           0%         1d4       100%        1
 Summon Small Mammal      Summ           0%         N/A       100%        1
 Ozocubu's Armour         Ice            0%         N/A       100%        3
 Metabolic Englaciation   Hex/Ice        0%         N/A       100%        5
 Simulacrum               Ice/Necr       0%         N/A       100%        6


Dungeon Overview and Level Annotations

Branches:
Dungeon (3/15)

Altars:


Innate Abilities, Weirdness & Mutations

You cannot be hasted, slowed, berserked, paralysed or teleported.
You can dig through walls and to a lower floor.
You have a pair of large antennae on your head. (SInv)
Your four strong arms can wield two-handed weapons with a shield.


Message History

You hit the orc wizard but do no damage.
You feel less confused. The orc hits you but does no damage.
The orc hits you with a +0 trident.
The orc wizard hits you but does no damage.
The orc barely misses you. The goblin closely misses you.
You closely miss the orc wizard. The orc hits you but does no damage. x2
The orc wizard completely misses you.
The orc wizard gestures wildly while chanting.
The orc wizard flickers and vanishes for a moment.
The orc closely misses you. The goblin hits you but does no damage.
You completely miss the orc wizard. The orc hits you but does no damage. x2
The orc hits you with a +0 flail.
* * * LOW HITPOINT WARNING * * *
The goblin hits you but does no damage.
The orc wizard hits you but does no damage.
You barely miss the orc wizard. The orc hits you but does no damage. x2
The orc barely misses you. The goblin hits you but does no damage.
The orc wizard casts a spell.
The orc wizard flickers and vanishes for a moment.
You closely miss the orc wizard. Your punch misses the orc wizard.
The orc hits you with a +0 trident.
* * * LOW HITPOINT WARNING * * *
The orc completely misses you.
The orc wizard hits you but does no damage.
The orc hits you with a +0 flail.
* * * LOW HITPOINT WARNING * * *
The goblin hits you but does no damage. The orc attacks as you move away!
The orc hits you but does no damage. x2
The orc attacks as you move away! The orc closely misses you.
The orc attacks as you move away! The orc hits you but does no damage.
The orc attacks as you move away! The orc hits you but does no damage.
The orc attacks as you move away! The orc hits you but does no damage.
The orc wizard attacks as you move away!
The orc wizard hits you with a +0 dagger.
* * * LOW HITPOINT WARNING * * *
The orc wizard attacks as you move away!
The orc wizard hits you but does no damage.
There is a stone staircase leading up here.
The orc hits you with a +0 whip.
You die...

#....#.## ... #.......
.... ...#.#.# ....
###.#.#.# ...
.......####.##+#
#.............##.
..####.#.#o........). #
.......@ooo........# .#
###....###o........##.##
#.######{.............
.. .................. .
..............#..
...............#..##
......######........
...... #.>|..##..#
...... #..........


You could see 2 orc wizards and 3 orcs.

Vanquished Creatures
  2 adders
  3 dart slugs
  7 ball pythons
  5 bats
  6 endoplasms
  2 giant cockroaches
  2 hobgoblins (D:1)
  5 jackals (D:2)
  A kobold (D:2)
  3 quokkas
  A frilled lizard (D:1)
  A rat (D:2)
38 creatures vanquished.

Notes
Turn   | Place    | Note
-------+----------+-------------------------------------------
     0 | Abyss:1  | nickcage the Formicid Abyssal Knight began the quest for
                  | the Orb.
     0 | Abyss:1  | Reached XP level 1. HP: 18/18 MP: 2/2
     1 | D:1      | Escaped the Abyss
   133 | D:1      | Reached XP level 2. HP: 21/24 MP: 3/3
   638 | D:1      | Reached skill level 3 in Long Blades
   650 | D:1      | Found a faded altar of an unknown god.
   808 | D:1      | Reached XP level 3. HP: 26/29 MP: 4/4
  1593 | D:2      | Reached skill level 4 in Long Blades
  1593 | D:2      | Reached XP level 4. HP: 20/35 MP: 5/5
  1863 | D:2      | Reached *** piety under Lugonu
  2082 | D:3      | Slain by an orc

Illustrated notes

Levels and vault maps discovered:
D:1:      sevenhm_arrival_forest_fort_small_5, layout_basic,
          dreamdust_ecumenical_altar_angels_and_demons, serial_curves,
          eino_curves_02, eino_curves_02, eino_curves_03,
          minmay_tree_intersection
D:2:      layout_basic, corexii_hall_statues_i
D:3:      layout_basic, overflow_temple_1_default, gammafunk_ghost_smash

Skill      XL: |  1  2  3 |
---------------+----------+-----
Long Blades    | 3 4 |  4.3
Fighting       | |  3.2
Armour         | |  2.1
Dodging        | |  0.8
Invocations    | |  2.1

Action                   |  1- 3 |  4- 6 || total
-------------------------+-------+-------++-------
Melee: Falchion          |    98 |    34 ||   132
  Use: Scroll            |     2 |       ||     2
Armor: Ring mail         |    35 |       ||    35
       Plate armour      |    39 |    52 ||    91
Dodge: Dodged            |    46 |    20 ||    66

Table legend: (Time is in decaauts)
 A = Elapsed time spent in this place.
 B = Non-inter-level travel time spent in this place.
 C = Inter-level travel time spent in this place.
 D = Time resting spent in this place.
 E = Time spent auto-exploring this place.
 F = Levels seen in this place.
 G = Mean time per level.
                   A        B        C        D        E       F      G
               +--------+--------+--------+--------+--------+-----+--------+
         Total |   2099 |   2032 |     67 |      0 |   1691 |   4 |  524.8 |
       Dungeon |   2098 |   2031 |     67 |      0 |   1691 |   3 |  699.3 |
         Abyss |      1 |      1 |      0 |      0 |      0 |   1 |    1.0 |
               +--------+--------+--------+--------+--------+-----+--------+

Top non-repeatable levels by time:
     D:1: 1122 daAuts
     D:2: 932 daAuts
     D:3: 43 daAuts
 Abyss:1: 1 daAuts
